 Dungeon Crawl Stone Soup version 0.26-a0-950-g52035dc9a5 (webtiles) character file.

Game seed: 11707696386524332752

3982 Peloso the Carver (level 10, -15/84 HPs)
             Began as a Minotaur Fighter on Nov 29, 2020.
             Demolished by a two-headed ogre
             ... wielding a +0 giant spiked club
              (27 damage)
             ... on level 5 of the Dungeon.
             The game lasted 00:20:54 (9935 turns).

Peloso the Carver (Minotaur Fighter)                Turns: 9935, Time: 00:20:55

Health: -15/84     AC: 15    Str: 23    XL:     10   Next: 2%
Magic:  9/9        EV:  7    Int:  5    God:
Gold:   499        SH: 12    Dex: 11    Spells: 9/9 levels left

rFire    + . .     SeeInvis .   a - +1 long sword
rCold    . . .     Faith    .   c - +0 kite shield
rNeg     . . .     Spirit   .   r - +0 plate armour
rPois    .         Reflect  .   (helmet restricted)
rElec    .         Harm     .   m - +0 cloak
rCorr    .         Rampage  .   (no gloves)
MR       .....                  (no boots)
Stlth    ..........             (no amulet)
HPRegen  0.24/turn              j - ring of protection from fire
MPRegen  0.11/turn              (no ring)

@: no status effects
A: retaliatory headbutt, horns 2
a: no special abilities


You were on level 5 of the Dungeon.
You visited 1 branch of the dungeon, and saw 10 of its levels.
You also visited: Ossuary.

You collected 499 gold pieces.

Inventory:

Hand Weapons
 a - a +1 long sword (weapon)
 b - a +0 hand axe of flaming
Armour
 c - a +0 kite shield (worn)
 f - a +0 chain mail
 m - a +0 cloak (worn)
 r - a +0 plate armour (worn)
Jewellery
 j - a ring of protection from fire (left hand)
 u - a +6 ring of dexterity
Wands
 l - a wand of paralysis (3)
 o - a wand of flame (16)
 t - a wand of acid (8)
 v - a wand of random effects (56)
 y - a wand of enslavement (17)
Scrolls
 e - 2 scrolls of fear
 g - a scroll of identify
 h - a scroll of amnesia
 i - 5 scrolls of teleportation
 n - 2 scrolls of immolation
 p - 4 scrolls of remove curse
 s - a scroll of silence {unknown}
 x - a scroll of fog
Potions
 d - a potion of flight {unknown}
 k - 3 potions of curing
 q - a potion of attraction
 w - a potion of magic {unknown}
 z - a potion of haste {unknown}
 A - a potion of cancellation


   Skills:
 + Level 6.5 Fighting
 + Level 11.1 Long Blades
 + Level 8.7 Armour
 + Level 2.5 Dodging
 + Level 9.4 Shields
 + Level 0.1 Evocations


You had 9 spell levels left.
You didn't know any spells.
Your spell library contained the following spells:

 Spells                   Type           Power        Failure   Level
 Corona                   Hex            #......      100%        1
 Summon Small Mammal      Summ           #...         100%        1
 Call Imp                 Summ           #.......     100%        2
 Slow                     Hex            #.......     100%        2
 Call Canine Familiar     Summ           #.......     100%        3
 Confusing Touch          Hex            #.......     100%        3
 Gell's Gravitas          Tloc           #.........   100%        3
 Inner Flame              Hex/Fire       #.......     100%        3
 Portal Projectile        Hex/Tloc       #.....       100%        3
 Summon Guardian Golem    Hex/Summ       #.......     100%        3
 Cause Fear               Hex            #.........   100%        4
 Leda's Liquefaction      Hex/Erth       #.........   100%        4
 Petrify                  Tmut/Erth      #.......     100%        4
 Summon Ice Beast         Ice/Summ       #.......     100%        4
 Summon Lightning Spire   Summ/Air       #.......     100%        4
 Metabolic Englaciation   Hex/Ice        #.........   100%        5
 Yara's Violent Unravell  Hex/Tmut       #.........   100%        5


Dungeon Overview and Level Annotations

Branches:
Dungeon (10/15)           Ossuary (visited)
 Temple: D:4-7         Lair: D:8-11         Orc: D:9-12

Altars:
Dithmenos
Elyvilon
Ru
The Shining One

Shops:
D:4 }

Annotations:
D:4 3 runed translucent doors, hidenotslide's ghost, novice NaFi; lis82's ghost, amateur DgAE
D:7 2 runed translucent doors


Innate Abilities, Weirdness & Mutations

You reflexively headbutt those who attack you in melee.
You have a pair of horns on your head.


Message History

You hit the two-headed ogre.
The two-headed ogre is heavily wounded.
The worker ant bites you but does no damage.
You hit the two-headed ogre. You headbutt the two-headed ogre!
The two-headed ogre is severely wounded.
The two-headed ogre hits you with a +0 giant spiked club!!
You block the two-headed ogre's attack.
The worker ant bites you but does no damage.
You hit the two-headed ogre.
The two-headed ogre is severely wounded.
You block the worker ant's attack.
You block the two-headed ogre's attack. x2
You hit the two-headed ogre but do no damage.
The two-headed ogre is severely wounded.
The worker ant bites you but does no damage.
You slash the two-headed ogre!
The two-headed ogre is almost dead.
The two-headed ogre hits you with a +0 giant spiked club!!
* * * LOW HITPOINT WARNING * * *
The two-headed ogre hits you with a +0 giant spiked club!!
You die...

#.# #.# #.# # ####.# .
..#.# #. #.#.#
#.##.#.##################
#..............B.O......#
###.............@#####.##
†.†..###.........# #.#
....## #.#######.#####.#
....# #.#<# #.......#
.)..# #.#.# #########
###.# #.#.# .... #.#.#
.....#.#.# .....#.#.#


You could see a two-headed ogre and a worker ant.

Vanquished Creatures
  2 trolls (D:9)
  A hornet (D:7)
  A wraith (D:9)
  4 orc warriors
  An ice beast (D:6)
  2 sky beasts
  2 phantoms
  An ogre (D:9)
  A big kobold (D:9)
  An elf zombie (Ossuary)
  3 bullfrogs
  A gnoll sergeant (D:6)
  5 scorpions
  5 killer bees (D:7)
  2 howler monkeys
  3 wights (D:8)
  2 hounds
  7 orc wizards
  A gnoll shaman (D:8)
  6 orc priests
  Jessica (D:2)
  Ijyb (D:3)
  3 iguanas
  3 worker ants
  2 big kobold zombies (Ossuary)
  A hound zombie (D:9)
  3 mummies
  Robin (D:4)
  16 gnolls
  A worker ant zombie (D:6)
  10 adders
  A white imp (D:8)
  4 ufetubi
  An ooze (D:1)
  An adder skeleton (D:2)
  2 adder zombies (Ossuary)
  2 worms (D:2)
  3 dart slugs
  3 leopard geckos
  29 orcs
  3 bats
  A bat skeleton (D:2)
  4 giant cockroaches
  18 goblins
  13 hobgoblins
  6 jackals
  2 quokkas
  A ball python (D:2)
  6 frilled lizards
  A giant cockroach zombie (D:2)
  A goblin zombie (Ossuary)
  13 hobgoblin zombies (Ossuary)
  A jackal zombie (Ossuary)
  10 kobolds
  9 kobold zombies
  A leopard gecko zombie (D:2)
  8 orc zombies
  2 quokka skeletons (D:2)
  2 quokka zombies
  7 rats
  2 rat zombies (Ossuary)
250 creatures vanquished.

Vanquished Creatures (others)
  7 withered plants
7 creatures vanquished.

Grand Total: 257 creatures vanquished

Notes
Turn   | Place    | Note
-------+----------+-------------------------------------------
     0 | D:1      | Peloso the Minotaur Fighter began the quest for the Orb.
     0 | D:1      | Reached XP level 1. HP: 19/19 MP: 0/0
   240 | D:1      | Found a glowing golden altar of the Shining One.
   395 | D:1      | Reached XP level 2. HP: 27/27 MP: 1/1
  1153 | D:2      | Reached XP level 3. HP: 33/33 MP: 2/2
  1354 | D:2      | Reached skill level 3 in Long Blades
  1463 | D:2      | Reached XP level 4. HP: 28/40 MP: 3/3
  1583 | D:2      | You fall into a shaft and drop 1 floor!
  1632 | D:2      | Noticed Jessica
  1652 | D:2      | Killed Jessica
  1656 | D:2      | Reached skill level 4 in Long Blades
  1781 | D:2      | Found a shadowy altar of Dithmenos.
  2267 | D:3      | Reached XP level 5. HP: 46/46 MP: 4/4
  2506 | D:3      | Noticed Ijyb
  2508 | D:3      | Paralysed by Ijyb for 3 turns
  2513 | D:3      | Killed Ijyb
  2514 | D:3      | Reached skill level 5 in Armour
  2598 | D:3      | Reached skill level 5 in Long Blades
  2607 | D:3      | Reached XP level 6. HP: 35/52 MP: 5/5
  2661 | D:3      | Reached skill level 5 in Shields
  2784 | D:3      | Noticed a sky beast
  3187 | D:4      | Found a runed translucent gate.
  3187 | D:4      | Noticed lis82's ghost (amateur DgAE)
  3187 | D:4      | Noticed hidenotslide's ghost (novice NaFi)
  3188 | D:4      | Found a runed translucent gate.
  3188 | D:4      | Found a runed translucent gate.
  3447 | D:4      | Noticed Robin
  3466 | D:5      | Entered Level 5 of the Dungeon
  3505 | D:4      | Killed Robin
  3628 | D:4      | Found Uckeusuo's Gadget Boutique.
  3759 | D:4      | Reached skill level 6 in Long Blades
  4072 | D:5      | Reached skill level 1 in Dodging
  4072 | D:5      | Reached XP level 7. HP: 44/60 MP: 6/6
  4165 | D:5      | Noticed a two-headed ogre
  4773 | D:6      | Found a sacrificial altar of Ru.
  4809 | D:6      | Reached skill level 7 in Long Blades
  5011 | D:6      | Reached XP level 8. HP: 47/67 MP: 7/7
  5166 | D:6      | Reached skill level 5 in Fighting
  5539 | D:7      | Found a large runed translucent door.
  5540 | D:7      | Found a large runed translucent door.
  5589 | D:7      | Found a sand-covered staircase.
  5595 | Ossuary  | Entered an ossuary
  5825 | Ossuary  | Reached skill level 8 in Long Blades
  6101 | D:7      | Noticed a hornet
  6104 | D:7      | Paralysed by a hornet for 2 turns
  6111 | D:7      | Paralysed by a hornet for 2 turns
  6120 | D:7      | Killed a hornet
  6121 | D:7      | Reached skill level 9 in Long Blades
  6580 | D:7      | Found a white marble altar of Elyvilon.
  7151 | D:7      | Reached XP level 9. HP: 74/74 MP: 8/8
  7184 | D:7      | Reached skill level 10 in Long Blades
  7594 | D:8      | You fall into a shaft and drop 2 floors!
  7594 | D:10     | Entered Level 10 of the Dungeon
  7653 | D:9      | Noticed a troll
  7667 | D:9      | Killed a troll
  8922 | D:9      | Noticed a troll
  8940 | D:9      | Killed a troll
  8941 | D:9      | Reached skill level 11 in Long Blades
  9550 | D:9      | Reached XP level 10. HP: 74/84 MP: 9/9
  9935 | D:5      | Demolished by a two-headed ogre

Illustrated notes

Levels and vault maps discovered:
D:1:      dpeg_arrival_concentric_ovals, layout_basic, grunt_decor_mini_mirrors,
          hex_large, tso_metal_star
D:2:      minmay_inner_zag, layout_loops_cross, serial_undead, serial_undead_a,
          serial_undead_a, serial_undead_d, serial_undead_c,
          grunt_dithmenos_smoke_and_mirrors, uniq_jessica
D:3:      minmay_angry_zag, layout_basic, uniq_ijyb, uniq_terence
D:4:      layout_gridville, gammafunk_ghost_cemetery, serial_shops, shop,
          uniq_robin
D:5:      mumra_celtic_spiral_tile, layout_basic,
          minmay_temple_entry_statues_pillars, saegor_snake_ambush
D:6:      layout_loops_ring, lemuel_round_altar, kennysheep_generic_room_7
D:7:      minmay_chambers_of_sevens, layout_layer_cave,
          nicolae_ossuary_entry_giza, ebering_ghost_disaster_area,
          serial_bayou_pond_e, elyvilon_altar_3
D:8:      layout_rooms
D:9:      layout_irregular_city, kennysheep_path_1
D:10:     layout_basic, erik_lair_dragon

Skill      XL: |  1  2  3  4  5  6  7  8  9 |
---------------+----------------------------+-----
Shields        | 4 5 6 7 9 |  9.4
Fighting       | 4 5 6 |  6.5
Armour         | 4 5 6 7 8 |  8.7
Long Blades    | 3 4 5 6 7 9 11 | 11.1
Dodging        | 1 2 |  2.5
Evocations     | |  0.1

Action                   |  1- 3 |  4- 6 |  7- 9 | 10-12 || total
-------------------------+-------+-------+-------+-------++-------
Melee: Long sword        |    84 |   187 |   484 |    31 ||   786
       Headbutt          |     8 |    37 |   106 |     6 ||   157
Evoke: Wand              |       |     2 |     2 |       ||     4
  Use: Potion            |     3 |       |     6 |       ||     9
       Scroll            |     3 |     3 |     7 |       ||    13
Armor: Scale mail        |     7 |       |       |       ||     7
       Chain mail        |    33 |    88 |       |       ||   121
       Plate armour      |       |    12 |   237 |    17 ||   266
Dodge: Dodged            |    24 |    41 |    90 |     8 ||   163
Block: Kite shield       |    38 |   118 |   256 |    22 ||   434
       Rpst.: Long sword |     6 |     9 |    21 |     1 ||    37

Table legend: (Time is in decaauts)
 A = Elapsed time spent in this place.
 B = Non-inter-level travel time spent in this place.
 C = Inter-level travel time spent in this place.
 D = Time resting spent in this place.
 E = Time spent auto-exploring this place.
 F = Levels seen in this place.
 G = Mean time per level.
                   A        B        C        D        E       F      G
               +--------+--------+--------+--------+--------+-----+--------+
         Total |  10027 |   9692 |    335 |   1070 |   6239 |  11 |  911.5 |
       Dungeon |   9679 |   9344 |    335 |   1070 |   6210 |  10 |  967.9 |
       Ossuary |    348 |    348 |      0 |      0 |     29 |   1 |  348.0 |
               +--------+--------+--------+--------+--------+-----+--------+

Top non-repeatable levels by time:
     D:9: 1477 daAuts
     D:7: 1475 daAuts
     D:6: 1381 daAuts
     D:2: 1140 daAuts
     D:1: 1083 daAuts
     D:4: 1082 daAuts
     D:8: 1046 daAuts
     D:3: 701 daAuts
 Ossuary: 348 daAuts
     D:5: 258 daAuts
    D:10: 34 daAuts
